Map: Colonisation EC

Players

Sylfaen - Winner!

  • Race: Zerg Zerg
  • League: Diamond

ZumoCocoHerO

  • Race: Protoss Protoss
  • League: Diamond

VOD

Have the link to the VOD?

Description

Time

  • Played on: April 24, 2016, 1:32 p.m.
  • Length: 10:25
Show
View Real Time Build Order
Export as new Build Order

Sylfaen Zerg - Winner!

Build Orders: Pool First 

Get SALT Encoding   

  12  0:18  Spawning Pool  
  11  0:22  Drone  
  11  0:27  Drone  
  13  0:30  Drone  
  14  0:40  Overlord  
  14  1:04  Queen  
  14  1:05  Zergling x6  
  19  1:16  Zergling x2  
  20  1:28  Zergling x2  
  21  1:37  Hatchery  
  20  1:47  Zergling x2  
  21  1:58  Drone  
  22  2:01  Overlord  
  22  2:19  Queen  
  24  2:34  Drone x4  
  28  2:46  Overlord  
  28  2:50  Queen  
  30  2:55  Zergling x4  
  30  3:15  Drone  
  30  3:16  Drone x4  
  35  3:22  Extractor  
  35  3:23  Extractor  
  35  3:24  Drone x2  
  35  3:31  Overlord  
  35  3:42  Drone x2  
  35  3:48  Roach Warren  
  36  3:50  Drone  
  36  3:51  Drone x6  
  42  4:06  Drone x3  
  45  4:10  Lair  
  45  4:12  Drone  
  46  4:22  Overlord x2  
  46  4:32  Overlord x2  
  46  4:44  Roach x3  
  52  4:46  Spine Crawler  
  52  4:47  Spine Crawler, Roach  
  52  4:50  Roach  
  54  5:10  Metabolic Boost  
  54  5:11  Overseer  
  54  5:14  Roach x3  
  59  5:18  Drone x6  
  59  5:21  Extractor  
  64  5:22  Extractor  
  62  5:30  Roach  
  62  5:31  Roach  
  62  5:33  Roach  
  68  5:36  Roach  
  70  5:43  Roach x2  
  70  5:46  Overlord  
  70  5:47  Overlord  
  74  6:07  Roach x5  
  84  6:17  Overlord  
  84  6:18  Overlord, Glial Reconstitution  
  84  6:23  Drone  
  84  6:24  Drone x2  
  87  6:39  Spore Crawler, Roach  
  90  6:40  Roach  
  90  6:42  Hatchery, Roach  
  91  6:52  Roach x2  
  91  6:53  Overlord  
  95  7:06  Roach  
  95  7:07  Roach x3  
  103  7:08  Overlord  
  102  7:40  Roach x4  
  102  7:41  Roach x6  
  122  8:01  Ravager x6  
  122  8:03  Ravager  
  129  8:06  Overseer  
  129  8:14  Overlord x3  
  121  8:41  Roach x11, Hydralisk Den  
  137  8:53  Overlord  
  137  8:54  Overlord x2  
  137  8:56  Roach  
  137  8:57  Roach  
  141  9:12  Hydralisk  
  141  9:13  Hydralisk x3  
  149  9:19  Hydralisk  
  151  9:29  Roach  
  145  9:45  Ravager x7  
  152  9:46  Roach x2  
  152  9:49  Roach x4  
Show
View Real Time Build Order
Export as new Build Order

ZumoCocoHerO Protoss 

Build Orders: Nexus First 

Get SALT Encoding   

  12  0:01  Probe (Chrono Boost)  
  13  0:11  Probe (Chrono Boost)  
  14  0:21  Pylon  
  14  0:23  Probe (Chrono Boost)  
  15  0:39  Probe (Chrono Boost)  
  17  0:50  Probe (Chrono Boost)  
  17  0:59  Nexus  
  17  1:03  Probe (Chrono Boost)  
  18  1:15  Gateway  
  18  1:21  Gateway  
  18  1:24  Probe (Chrono Boost)  
  19  1:35  Probe (Chrono Boost)  
  19  1:39  Assimilator  
  20  1:41  Assimilator  
  20  1:51  Pylon  
  20  1:58  Probe (Chrono Boost)  
  21  2:02  Zealot (Chrono Boost)  
  22  2:11  Cybernetics Core  
  22  2:15  Zealot (Chrono Boost)  
  24  2:18  Pylon  
  24  2:27  Zealot (Chrono Boost)  
  26  2:33  Gateway  
  26  2:37  Pylon  
  26  2:41  Gateway  
  28  2:47  Mothership Core (Chrono Boost)  
  28  2:52  Warp Gate (Chrono Boost)  
  28  2:56  Pylon  
  28  3:04  Gateway  
  28  3:21  Gateway  
  28  3:23  Gateway  
  28  3:26  Adept  
  30  3:34  Probe (Chrono Boost)  
  31  3:46  Probe  
  32  3:49  Robotics Facility  
  32  3:52  Adept  
  34  4:15  Nexus  
  34  4:38  Warp Prism (Chrono Boost)  
  36  4:46  Adept x3  
  36  4:50  Adept  
  44  4:57  Probe  
  45  5:09  Probe  
  45  5:12  Pylon  
  46  5:21  Probe  
  47  5:28  Probe  
  47  5:33  Probe  
  49  5:42  Adept x4  
  57  6:07  Probe  
  57  6:08  Probe, Immortal (Chrono Boost)  
  61  6:15  Robotics Facility  
  61  6:19  Gateway x2  
  61  6:20  Probe  
  61  6:22  Probe  
  63  6:29  Sentry x2  
  63  6:30  Sentry  
  69  6:43  Immortal (Chrono Boost)  
  73  6:49  Pylon  
  73  6:53  Pylon  
  73  7:11  Assimilator  
  73  7:12  Assimilator  
  73  7:19  Probe  
  73  7:20  Probe, Immortal (Chrono Boost)  
  77  7:39  Immortal (Chrono Boost)  
  81  7:47  Zealot x4  
  81  7:48  Zealot x2  
  93  7:55  Pylon  
  93  7:56  Pylon  
  93  8:06  Probe  
  94  8:13  Probe  
  94  8:14  Immortal (Chrono Boost)  
  94  8:17  Adept x2  
  103  8:24  Pylon  
  103  8:26  Pylon  
  103  8:41  Zealot  
  103  8:42  Zealot  
  103  8:44  Zealot  
  103  8:47  Probe  
  110  8:50  Probe  
  110  8:55  Zealot  
  113  9:03  Zealot  
  115  9:10  Zealot  
  115  9:14  Zealot  
  61  10:17  Adept x6  
Tags
 
Add a new tag
Caveats
  • Supply blocks, unpowered buildings, or Contaminate may cause inaccurate times.
  • Supply counts are checked every 10 seconds.